 Dungeon Crawl Stone Soup version 0.20.1-1-g8b1a95d (webtiles) character file.

309 equalderp2856 the Skirmisher (level 6, -10/48 HPs)
             Began as a Mummy Fighter on Oct 25, 2017.
             Mangled by an orc warrior
             ... wielding a +0 hand axe
              (18 damage)
             ... on level 6 of the Dungeon.
             The game lasted 00:06:27 (4293 turns).

equalderp2856 the Skirmisher (Mummy Fighter)        Turns: 4293, Time: 00:06:28

Health: -10/48     AC:  8    Str: 20    XL:     6   Next: 17%
Magic:  9/9        EV:  7    Int:  9    God:
Gold:   136        SH:  9    Dex: 11    Spells: 9/9 levels left

rFire    x . .     SeeInvis .   a - +0 war axe
rCold    + . .     Gourm    .   c - +0 shield
rNeg     + + +     Faith    .   b - +0 scale mail
rPois    ∞         Spirit   .   (no helmet)
rElec    .         Reflect  .   (no cloak)
rCorr    .         Harm     .   h - +0 pair of gloves
MR       .....                  (no boots)
Stlth    ..........             g - amulet of magic regeneration
Regen    0.2/turn               (no ring)
MPRegen  0.2/turn               (no ring)

@: no status effects
A: no food or potions, fire vulnerability, cold resistance 1, negative energy
resistance 3, torment resistance, unbreathing
a: no special abilities


You were on level 6 of the Dungeon.
You were not hungry.

You visited 1 branch of the dungeon, and saw 6 of its levels.

You collected 136 gold pieces.

Inventory:

Hand Weapons
 a - a +0 war axe (weapon)
Armour
 b - a +0 scale mail (worn)
 c - a +0 shield (worn)
 h - a +0 pair of gloves (worn)
Jewellery
 g - an amulet of magic regeneration (around neck)
Scrolls
 d - a scroll of identify
 f - 2 scrolls of enchant armour
 k - a scroll of recharging {unknown}


   Skills:
 + Level 3.7 Fighting
 * Level 3.5 Axes
 + Level 3.2 Armour
 + Level 1.2 Dodging
 + Level 2.9 Shields
 * Level 2.2 Spellcasting


You had 9 spell levels left.
You didn't know any spells.

Dungeon Overview and Level Annotations

Branches:
Dungeon (6/15)
 Temple: D:4-7

Altars:
Fedhas
Trog
Vehumet
Yredelemnul

Annotations:
D:3 Ymberto's ghost, amateur DEFE


Innate Abilities, Weirdness & Mutations

You do not eat or drink.
Your flesh is vulnerable to fire.
You are immune to poison.
Your flesh is cold resistant. (rC+)
You are immune to negative energy. (rN+++)
You are immune to unholy pain and torment.
You can survive without breathing.


Message History

The hippogriff claws you but does no damage.
You struggle against the net.
The orc hits you but does no damage. x2
The gnoll barely misses you. The orc priest hits you with a whip.
The hippogriff bites you but does no damage.
The hippogriff pecks you.
The hippogriff claws you but does no damage.
The gnoll barely misses you.
An orc comes into view.
Okay, then.
Unknown command.
You rip the net and break free!
The orc shouts!
The orc hits you but does no damage. x2; The orc hits you with a flail.
* * * LOW HITPOINT WARNING * * *
You block the gnoll's attack. The orc priest barely misses you.
You block the hippogriff's attack. The hippogriff closely misses you.
The hippogriff claws you.
* * * LOW HITPOINT WARNING * * *
The orc warrior hits you with a hand axe!!
You die...

#.....##
#...o.##
#...o..+
#.....)#
##.o..##
##....####+#
#..o........#
#ooHo.......#
#.o@oo......#
#..gog......#
##.gl.......#
#.g........#
...........#
#...........
#...........
##.........


You could see a hippogriff, an orc warrior, an iguana, an orc priest, 2 orc
wizards, 4 gnolls and 7 orcs.

Vanquished Creatures
  A phantom (D:5)
  A hound (D:5)
  A hound skeleton (D:3)
  A worker ant zombie (D:3)
  8 adders
  2 oozes (D:1)
  An adder zombie (D:3)
  A worm (D:2)
  A leopard gecko (D:1)
  5 orcs
  6 giant cockroaches
  6 goblins
  11 hobgoblins
  4 jackals
  A ball python skeleton (D:3)
  9 bats
  12 frilled lizards
  5 kobolds
  5 rats
81 creatures vanquished.

Notes
Turn   | Place    | Note
-------+----------+-------------------------------------------
     0 | D:1      | equalderp2856 the Mummy Fighter began the quest for the Orb.
     0 | D:1      | Reached XP level 1. HP: 18/18 MP: 1/1
   425 | D:1      | Reached XP level 2. HP: 20/24 MP: 2/2
   586 | D:1      | Reached XP level 3. HP: 22/29 MP: 3/3
  1256 | D:2      | Reached skill level 1 in Dodging
  1256 | D:2      | Reached XP level 4. HP: 25/35 MP: 4/4
  1313 | D:2      | Reached skill level 1 in Spellcasting
  1376 | D:2      | Found a bloodstained altar of Trog.
  1897 | D:2      | Found a radiant altar of Vehumet.
  1898 | D:2      | Found a basalt altar of Yredelemnul.
  2382 | D:3      | Noticed Ymberto's ghost (amateur DEFE)
  2393 | D:3      | Reached XP level 5. HP: 33/41 MP: 7/7
  2978 | D:4      | Noticed an ogre
  2989 | D:5      | Entered Level 5 of the Dungeon
  3235 | D:5      | Noticed a phantom
  3281 | D:5      | Killed a phantom
  3633 | D:5      | Reached XP level 6. HP: 29/48 MP: 7/9
  3966 | D:6      | Found a blossoming altar of Fedhas.
  4257 | D:6      | Noticed an orc warrior
  4271 | D:6      | Noticed a hippogriff
  4293 | D:6      | Mangled by an orc warrior

Skill      XL: |  1  2  3  4  5 |
---------------+----------------+-----
Axes           | 2 3 |  3.5
Dodging        | 1 |  1.2
Spellcasting   | 1 2 |  2.2
Armour         | 3 |  3.2
Fighting       | |  3.7
Shields        | |  2.9

Action                   |  1- 3 |  4- 6 || total
-------------------------+-------+-------++-------
Melee: War axe           |   184 |   215 ||   399
  Use: Scroll            |       |     4 ||     4
Armor: Scale mail        |   137 |   163 ||   300
Dodge: Dodged            |    96 |   122 ||   218
Block: Shield            |   117 |   169 ||   286
